 Dungeon Crawl Stone Soup version 0.23.0-38-g208d714 (webtiles) character file.

Game seed: 420096877095046665

203 Fang the Skirmisher (level 5, -8/34 HPs)
             Began as a Gargoyle Berserker on Feb 27, 2019.
             Was a Priest of Trog.
             Killed by divine providence
             ... invoked by an orc priest
              (13 damage)
             ... on level 3 of the Dungeon.
             The game lasted 00:01:55 (1592 turns).

Fang the Skirmisher (Gargoyle Berserker)            Turns: 1592, Time: 00:01:56

Health: -8/34      AC: 12    Str: 21    XL:     5   Next: 81%
Magic:  5/5        EV: 12    Int:  8    God:    Trog [***...]
Gold:   77         SH:  0    Dex:  9    Spells: 4/4 levels left

rFire    . . .     SeeInvis .   p - +0 war axe
rCold    . . .     Gourm    .   (no shield)
rNeg     + . .     Faith    .   b - +0 animal skin
rPois    ∞         Spirit   .   (no helmet)
rElec    +         Reflect  .   (no cloak)
rCorr    .         Harm     .   (no gloves)
MR       .....                  (no boots)
Stlth    +.........             (no amulet)
HPRegen  0.11/turn              i - +6 ring of protection
MPRegen  0.09/turn              (no ring)

@: berserk cooldown, slowed, very slow
A: negative energy resistance 1, electricity resistance, unbreathing,
petrification resistance, rot immunity, AC +4
a: Berserk, Trog's Hand, Renounce Religion


You were on level 3 of the Dungeon.
You worshipped Trog.
Trog was most pleased with you.
You were hungry.

You visited 1 branch of the dungeon, and saw 3 of its levels.

You collected 77 gold pieces.

Inventory:

Hand Weapons
 p - a +0 war axe (weapon)
Armour
 b - a +0 animal skin (worn)
Jewellery
 i - a +6 ring of protection (left hand)
Scrolls
 g - 3 scrolls of blinking {unknown}
 h - 3 scrolls of identify {unknown}
 j - 2 scrolls of magic mapping {unknown}
 l - a scroll of amnesia {unknown}
 m - 2 scrolls of fear {unknown}
 n - a scroll of random uselessness {unknown}
 o - a scroll of remove curse {unknown}
Potions
 e - a potion of lignification {unknown}
 f - 4 potions of curing {unknown}
 k - a potion of cancellation {unknown}
Comestibles
 c - 3 rations
 d - 5 chunks of flesh


   Skills:
 + Level 4.4 Fighting
 + Level 3.7 Axes
 + Level 3.6 Armour
 + Level 2.7 Dodging


You had 4 spell levels left.
You didn't know any spells.
Your spell library was empty.

Dungeon Overview and Level Annotations

Branches:
Dungeon (3/15)

Altars:
Elyvilon
Fedhas
Gozag
Nemelex Xobeh
Okawaru


Innate Abilities, Weirdness & Mutations

You are resistant to torment.
Your stone body is resilient. (AC +4)
You are immune to poison.
You resist negative energy. (rN+)
You are resistant to electric shocks. (rElec)
You can survive without breathing.
You are immune to petrification.
You are immune to rotting.


Message History

You hear a shout!
You barely miss the orc. You hit the orc.
The orc hits you but does no damage. x2
You closely miss the orc. You barely miss the orc. The orc closely misses you.
You slice the orc!!
You kill the orc!
Trog accepts your kill.
You closely miss the orc. The orc barely misses you.
The orc priest looks braver for a moment.
The orc hits you but does no damage. x2
Things that are here:
a +0 dagger; a +0 short sword; a +0 leather armour You feel a strong urge to attack something.
The orc barely misses you.
You see here a tomahawk.
You are no longer berserk.
You are exhausted.
You feel yourself slow down.
The orc priest invokes the aid of Beogh against you.
Beogh smites you!
You die...

##. ... #... #..#
# #..########..#.
##.......oo..... .
#......o@#
.########......o(#
.................#
..........†).....#
...........†.....#
.................#
....)÷.......(...#
...........#######
#####......#


You could see an orc priest and 3 orcs.

Vanquished Creatures
  An orc priest (D:3)
  5 adders
  3 oozes
  4 worms
  2 dart slugs
  4 leopard geckos
  12 orcs (D:3)
  4 bats
  8 giant cockroaches
  10 goblins
  4 hobgoblins
  3 jackals (D:2)
  5 frilled lizards
  8 kobolds
  14 rats
87 creatures vanquished.

Notes
Turn   | Place    | Note
-------+----------+-------------------------------------------
     0 | D:1      | Fang the Gargoyle Berserker began the quest for the Orb.
     0 | D:1      | Reached XP level 1. HP: 14/14 MP: 1/1
     7 | D:1      | Noticed a lindwurm
     7 | D:1      | Noticed a rime drake
     7 | D:1      | Noticed a salamander
     7 | D:1      | Noticed a hog
    71 | D:1      | Reached XP level 2. HP: 12/19 MP: 2/2
   512 | D:1      | Reached ** piety under Trog
   512 | D:1      | Reached XP level 3. HP: 21/23 MP: 3/3
   798 | D:2      | Found a sparkling altar of Nemelex Xobeh.
   918 | D:2      | Reached XP level 4. HP: 25/29 MP: 4/4
  1044 | D:2      | Reached skill level 4 in Fighting
  1045 | D:2      | Found an iron altar of Okawaru.
  1185 | D:2      | Found a white marble altar of Elyvilon.
  1185 | D:2      | Found an opulent altar of Gozag.
  1236 | D:2      | Reached XP level 5. HP: 27/33 MP: 5/5
  1417 | D:3      | Found a blossoming altar of Fedhas.
  1421 | D:3      | Reached *** piety under Trog
  1592 | D:3      | Killed from afar by an orc priest

Skill      XL: |  1  2  3  4 |
---------------+-------------+-----
Axes           | 3 |  3.7
Dodging        | 2 |  2.7
Armour         | 3 |  3.6
Fighting       | 4 |  4.4

Action                   |  1- 3 |  4- 6 || total
-------------------------+-------+-------++-------
Melee: Hand axe          |    88 |   178 ||   266
       War axe           |       |     9 ||     9
Invok: Berserk           |       |     2 ||     2
 Stab: Sleeping          |     1 |       ||     1
  Eat: Chunk             |       |     4 ||     4
Armor: Animal skin       |    32 |    89 ||   121
Dodge: Dodged            |    68 |   150 ||   218
